 Dungeon Crawl Stone Soup version 0.29-a0-344-ge2f44be95a (webtiles) character file.

Game seed: 2325809618991230384

20101 zishaf the Frost Mage (level 12, -22/100 HPs)
             Began as a Barachi Ice Elementalist on Apr 21, 2022.
             Was a High Priest of Cheibriados.
             Killed from afar by a lindwurm (33 damage)
             ... with a blast of flame
             ... on level 3 of the Lair of Beasts.
             The game lasted 00:37:45 (16716 turns).

zishaf the Frost Mage (Barachi Ice Elementalist)   Turns: 16716, Time: 00:37:45

Health: -22/100    AC: 18    Str: 22    XL:     12   Next: 76%
Magic:  18/21      EV: 18    Int: 31    God:    Cheibriados [*****.]
Gold:   698        SH: 12    Dex: 23    Spells: 7/23 levels left

rFire   . . .      SeeInvis .   a - +3 long sword (freeze)
rCold   . . .      Faith    .   B - +0 buckler
rNeg    . . .      Spirit   .   n - +0 steam dragon scales
rPois   .          Reflect  +   k - +1 helmet
rElec   .          Harm     .   g - +0 cloak
rCorr   .          Rampage  .   j - +2 pair of gloves
Will    .....                   u - +0 pair of boots
Stlth   ++........              M - amulet of reflection
HPRegen 0.26/turn               O - +4 ring of evasion
MPRegen 0.17/turn               c - +4 ring of protection

@: very slow
A: amphibious, slowness 1, strong legs 1, +LOS
a: Hop, Renounce Religion, Bend Time, Temporal Distortion, Slouch, Step From
Time


You were on level 3 of the Lair of Beasts.
You worshipped Cheibriados.
Cheibriados was extremely pleased with you.
You visited 3 branches of the dungeon, and saw 15 of its levels.
You also visited: Sewer.

You collected 698 gold pieces.

Inventory:

Hand Weapons
 a - a +3 long sword of freezing (weapon)
 b - a +1 spectral short sword
 e - a +4 long sword
 y - a +0 hunting sling
Missiles
 t - a throwing net
Armour
 g - a +0 cloak (worn)
 j - a +2 pair of gloves (worn)
 k - a +1 helmet (worn)
 n - +0 steam dragon scales (worn)
 q - the +1 scale mail "Ojiahuem" {Str+6}
   (You found it on level 3 of the Dungeon)

   Str:       It affects your strength (+6).
 u - a +0 pair of boots (worn)
 B - a +0 buckler (worn)
Jewellery
 c - a +4 ring of protection (right hand)
 m - a +6 ring of dexterity
 s - a +6 ring of strength
 v - a ring of protection from fire
 C - a ring of fire
 D - an amulet of the acrobat
 J - a ring of flight
 M - an amulet of reflection (around neck)
 N - a ring of see invisible
 O - a +4 ring of evasion (left hand)
Wands
 h - a wand of digging (4)
 i - a wand of iceblast (7)
 w - a wand of flame (1)
 I - a wand of acid (12)
 P - a wand of paralysis (3)
Scrolls
 d - 2 scrolls of enchant weapon
 f - a scroll of amnesia
 r - 2 scrolls of teleportation
 E - a scroll of magic mapping
 K - a scroll of brand weapon
 L - 3 scrolls of fear
 Q - 2 scrolls of identify
Potions
 l - 2 potions of magic
 o - 5 potions of flight
 p - 2 potions of haste
 x - a potion of mutation
 z - 7 potions of curing
 A - 6 potions of heal wounds
 F - 2 potions of berserk rage
 G - a potion of lignification
 H - 2 potions of attraction


   Skills:
 - Level 11.0 Fighting
 - Level 6.0 Long Blades
 + Level 5.0 Armour
 - Level 4.0 Dodging
 - Level 1.7 Stealth
 - Level 6.1 Shields
 - Level 6.0 Spellcasting
 - Level 7.0 Conjurations
 + Level 11.1 Ice Magic
 - Level 5.0 Air Magic
 + Level 7.6 Invocations
 - Level 6.0 Evocations


You had 7 spell levels left.
You knew the following spells:

 Your Spells              Type           Power      Damage    Failure   Level
a - Freeze                Ice            100%       1d11      1%          1
b - Frozen Ramparts       Ice            100%       1d12      1%          3
c - Ozocubu's Armour      Ice            67%        N/A       1%          3
d - Hailstorm             Conj/Ice       60%        3d13      1%          4
e - Freezing Cloud        Conj/Ice/Air   27%        6-21      8%          5

Your spell library contained the following spells:

 Spells                   Type           Power      Damage    Failure   Level
 Magic Dart               Conj           100%       1d8       1%          1
 Mephitic Cloud           Conj/Pois/Air  34%        N/A       3%          3
 Ice Form                 Ice/Tmut       43%        N/A       6%          4
 Call Imp                 Summ           9%         N/A       10%         2
 Metabolic Englaciation   Hex/Ice        21%        N/A       19%         5
 Simulacrum               Ice/Necr       21%        N/A       69%         6
 Chain Lightning          Conj/Air       23%        3d30      100%        9
 Fire Storm               Conj/Fire      15%        8d4       100%        9
 Polar Vortex             Ice            33%        N/A       100%        9
 Shatter                  Erth           4%         3d8*      100%        9


Dungeon Overview and Level Annotations

Branches:
Dungeon (11/15)            Temple (1/1) D:7            Lair (3/6) D:10
 Spider (0/4) Lair:2        Sewer (visited)
  Swamp: Lair:2-4    Shoals: Lair:2-4       Orc: D:9-12

Altars:
Cheibriados
Elyvilon
Kikubaaqudgha
Nemelex Xobeh
Ru
Sif Muna
Trog
Wu Jian
Xom
Yredelemnul
Zin
The Shining One

Annotations:
D:3 1 runed translucent door
D:8 3 runed translucent doors, Bediveer's ghost, novice TrFi


Innate Abilities, Weirdness & Mutations

You are amphibious.
You cover ground slowly.
You can hop short distances.
You have an extended range of vision and can be seen from far away.


Message History

A lindwurm is nearby!
The lindwurm roars!
The lindwurm breathes flames at you. The blast of flame hits you!!
The lindwurm roars!
You block the lindwurm's attack. x2
The lindwurm claws you but does no damage.
The lindwurm misses you. The lindwurm claws you.
The lindwurm claws you but does no damage.
The lindwurm completely misses you. You block the lindwurm's attack.
The lindwurm claws you but does no damage.
You block the lindwurm's attack. The lindwurm barely misses you.
The lindwurm completely misses you. The lindwurm attacks as you move away!
The lindwurm misses you. x2
The lindwurm claws you but does no damage.
The lindwurm breathes flames at you. The blast of flame hits you!
The lindwurm breathes flames at you. The blast of flame hits you!!
* * * LOW HITPOINT WARNING * * *
You hear a roar!
Casting: Hailstorm (mildly dangerous; 1% risk of failure)
Confirm with . or Enter, or press ? or * to list all spells.
Casting: Frozen Ramparts (safe; 1% risk of failure)
Press: ? - help, Dir - look around, f - activate
Okay, then.
The lindwurm bites you!
* * * LOW HITPOINT WARNING * * *
The lindwurm barely misses you. The lindwurm claws you.
* * * LOW HITPOINT WARNING * * *
Casting: Frozen Ramparts (safe; 1% risk of failure)
Confirm with . or Enter, or press ? or * to list all spells.
A film of ice covers your body! The lindwurm breathes flames at you.
The blast of flame hits you!
* * * LOW HITPOINT WARNING * * *
The lindwurm breathes flames at you. The blast of flame hits you!!
Your icy armour melts away.
You die...

###...##.###<####§≈≈.≈≈≈###
######## ### ###≈≈≈≈## #
###### .. .P.... ...###
....... P..... .......
#...### ## .......
#P...##.##......
#...@k#.....P..
#####k.....# ##......#
#§§##≈#§..<...#
.^§....§......#
.......#.......#
.k≈≈≈..≈........#
..##≈..≈..........
##..#...........


You could see 2 lindwurms.

Vanquished Creatures
  A boulder beetle (Lair:3)
  A hydra (Lair:1)
  A two-headed ogre (D:10)
  An ugly thing (D:9)
  A cyclops (D:10)
  6 elephants (Lair:2)
  2 black mambas (Lair:2)
  Joseph (D:7)
  Maggie (D:7)
  2 molten gargoyles (Lair:3)
  2 komodo dragons
  3 cane toads
  Prince Ribbit (Lair:2)
  4 blink frogs (Lair:2)
  2 polar bears
  28 yaks
  A shadow (D:10)
  The ghost of SirDiesAlot the Chucker, an amateur OgGl (D:3)
  A wraith (D:7)
  A vampire (D:10)
  A wyvern (D:10)
  A basilisk (Lair:1)
  2 steam dragons
  Menkaure (D:7)
  5 water moccasins
  An acid dragon (D:9)
  An orc warrior (D:7)
  2 black bears (D:10)
  An ice beast (D:5)
  2 centaurs
  4 ogres
  10 wolves (Lair:2)
  2 kobold brigands
  9 bullfrogs
  A gnoll sergeant (D:9)
  3 scorpions
  A necrophage (D:8)
  16 wights
  5 killer bees
  2 vampire bats (Lair:1)
  5 lava snakes (Lair:3)
  6 jellies
  2 orc priests (D:9)
  2 gnoll shamans
  An iguana (D:5)
  4 orc wizards
  21 adders
  30 gnolls
  2 river rats
  A shadow imp (D:6)
  A white imp (D:7)
  2 ufetubi (D:5)
  3 worms
  2 dart slugs
  22 orcs
  19 endoplasms
  11 giant cockroaches
  6 hobgoblins
  12 jackals
  13 quokkas
  12 ball pythons
  8 bats
  8 frilled lizards
  10 goblins
  22 kobolds
  8 rats
364 creatures vanquished.

Vanquished Creatures (others)
  10 fungi
  5 plants (Lair:2)
  7 toadstools (D:3)
22 creatures vanquished.

Grand Total: 386 creatures vanquished

Notes
Turn   | Place    | Note
-------+----------+-------------------------------------------
     0 | D:1      | zishaf the Barachi Ice Elementalist began the quest for the
                  | Orb.
     0 | D:1      | Reached XP level 1. HP: 13/13 MP: 3/3
   318 | D:1      | Reached skill level 5 in Ice Magic
   552 | D:1      | Reached skill level 1 in Fighting
   552 | D:1      | Reached XP level 2. HP: 21/21 MP: 5/5
   916 | D:1      | Found a faded altar of an unknown god.
  1153 | D:1      | Reached XP level 3. HP: 16/26 MP: 1/6
  1157 | D:1      | Learned a level 3 spell: Frozen Ramparts
  2274 | D:2      | Reached XP level 4. HP: 30/33 MP: 3/7
  2305 | D:2      | Learned a level 3 spell: Ozocubu's Armour
  2539 | D:3      | Found a runed translucent door.
  2561 | D:3      | Noticed SirDiesAlot's ghost (amateur OgGl)
  2585 | D:3      | Noticed a bullfrog
  2715 | D:3      | Reached XP level 5. HP: 29/40 MP: 4/9
  3257 | D:3      | Identified the +1 scale mail "Ojiahuem" {Str+6}
  3280 | D:3      | Found a runed translucent door.
  3396 | D:3      | Found a white marble altar of Elyvilon.
  3674 | D:3      | Reached XP level 6. HP: 48/48 MP: 6/10
  3833 | D:3      | Found a glowing silver altar of Zin.
  4090 | D:4      | Reached skill level 5 in Fighting
  4103 | D:4      | You fall into a shaft and drop 1 floor!
  4103 | D:5      | Entered Level 5 of the Dungeon
  4105 | D:5      | Noticed an ice beast
  4174 | D:4      | Found a glowing drain.
  4178 | Sewer    | Entered a sewer
  4384 | Sewer    | Reached XP level 7. HP: 57/57 MP: 7/11
  4525 | Sewer    | Reached skill level 1 in Evocations
  4540 | Sewer    | Reached skill level 1 in Armour
  4835 | D:4      | Found a glowing golden altar of the Shining One.
  4960 | D:4      | Found a sacrificial altar of Ru.
  5268 | D:5      | Learned a level 4 spell: Hailstorm
  5543 | D:5      | Found a sparkling altar of Nemelex Xobeh.
  5600 | D:5      | Reached XP level 8. HP: 64/64 MP: 10/13
  5634 | D:5      | Reached skill level 1 in Conjurations
  6275 | D:6      | Found a basalt altar of Yredelemnul.
  7193 | D:7      | Reached skill level 1 in Shields
  7193 | D:7      | Reached skill level 5 in Conjurations
  7210 | D:7      | Reached XP level 9. HP: 46/71 MP: 10/15
  7230 | D:7      | Noticed Maggie
  7247 | D:7      | Killed Maggie
  7652 | D:7      | Found a staircase to the Ecumenical Temple.
  7661 | D:7      | Noticed Menkaure
  7668 | Temple   | Entered the Ecumenical Temple
  7825 | Temple   | Became a worshipper of Cheibriados the Contemplative
  7863 | D:7      | Killed Menkaure
  8077 | D:7      | Noticed Joseph
  8156 | D:7      | Reached skill level 1 in Invocations
  8296 | D:7      | Reached skill level 5 in Shields
  8299 | D:7      | Reached XP level 10. HP: 38/82 MP: 9/16
  8498 | D:7      | Killed Joseph
  8499 | D:7      | Reached skill level 1 in Long Blades
  9311 | D:8      | Reached * piety under Cheibriados
  9901 | D:8      | Noticed Bediveer's ghost (novice TrFi)
  9903 | D:8      | Found a runed translucent gate.
  9913 | D:8      | Found a runed translucent gate.
  9913 | D:8      | Found a runed translucent gate.
 10258 | D:3      | Killed SirDiesAlot's ghost
 10508 | D:9      | Identified a scroll of acquirement
 10508 | D:9      | Acquired a book of Ice
 10516 | D:9      | Learned a level 5 spell: Freezing Cloud
 10575 | D:9      | Reached ** piety under Cheibriados
 10864 | D:9      | Reached skill level 1 in Air Magic
 11015 | D:9      | Noticed a purple ugly thing
 11023 | D:9      | Killed a purple ugly thing
 11384 | D:10     | Entered Level 10 of the Dungeon
 11393 | D:10     | Found a staircase to the Lair.
 11506 | D:10     | Noticed a two-headed ogre
 11518 | D:10     | Killed a two-headed ogre
 11519 | D:10     | Reached skill level 10 in Fighting
 11519 | D:10     | Reached skill level 5 in Spellcasting
 11519 | D:10     | Reached XP level 11. HP: 71/90 MP: 12/18
 12101 | D:10     | Found an ancient bone altar of Kikubaaqudgha.
 12177 | D:10     | Reached *** piety under Cheibriados
 12272 | D:10     | Reached skill level 5 in Invocations
 12391 | D:10     | Noticed a cyclops
 12399 | D:10     | Killed a cyclops
 12916 | D:11     | Noticed a tengu warrior
 12981 | Lair:1   | Entered Level 1 of the Lair of Beasts
 13412 | Lair:1   | Noticed a six-headed hydra
 13421 | Lair:1   | Killed a six-headed hydra
 13422 | Lair:1   | Reached skill level 5 in Evocations
 14525 | Lair:2   | Noticed Prince Ribbit
 14541 | Lair:2   | Killed Prince Ribbit
 14544 | Lair:2   | Reached skill level 5 in Long Blades
 14557 | Lair:2   | Reached skill level 5 in Air Magic
 14692 | Lair:2   | Reached XP level 12. HP: 84/99 MP: 15/21
 14699 | Lair:2   | Reached **** piety under Cheibriados
 14878 | Lair:2   | Reached skill level 10 in Ice Magic
 15213 | Lair:2   | Found a hole to the Spider Nest.
 16005 | Lair:3   | Reached ***** piety under Cheibriados
 16177 | Lair:3   | Noticed a boulder beetle
 16222 | Lair:3   | Killed a boulder beetle
 16223 | Lair:3   | Reached skill level 5 in Armour
 16716 | Lair:3   | Killed from afar by a lindwurm

Illustrated notes

Levels and vault maps discovered:
D:1:      giann_forest_graveyard, layout_loops_corners,
          chequers_ecumenical_altar_simple_redux, fountainhead
D:2:      layout_loops_corners
D:3:      cheibrodos_fertilizer, layout_basic, elyvilon_altar_1,
          mainiacjoe_overflow_alcove_2, ebering_ghost_sewer_f,
          serial_bayou_pond_d, minmay_fountain_box
D:4:      layout_cave_pools, nicolae_ru_path_of_blood,
          mainiacjoe_overflow_alcove_4, lightli_sewer_entry_pipes
D:5:      layout_basic, nemelex_xobeh_ov_fountains_minmay, chequers_jeans,
          minmay_crystal_water
D:6:      layout_basic, kennysheep_mini
D:7:      layout_cave_pools, minmay_temple_entry_statues, kennysheep_dice,
          uniq_menkaure, uniq_maggie, uniq_joseph
D:8:      layout_rooms, gammafunk_ghost_icy
D:9:      layout_loops_ring
D:10:     layout_stronghold, mainiacjoe_overflow_catwalk, david_lair_generic
D:11:     layout_basic, erik_orc_3, uniq_josephine
Temple:   regret_index_temple_waves
Lair:1:   layout_hall_layers, roderic_batcave, grunt_megastairs_5
Lair:2:   layout_gridlike, spider_nest_entry_web_field, uniq_prince_ribbit2
Lair:3:   cheibrodos_magma_flow, layout_cave_pods, nicolae_lair_lindhole

Skill      XL: |  1  2  3  4  5  6  7  8  9 10 11 12 |
---------------+-------------------------------------+-----
Ice Magic      | 5 6 7 9 11 | 11.1
Fighting       | 1 2 4 5 6 8 10 11 | 11.0
Spellcasting   | 3 4 5 6 |  6.0
Evocations     | 2 4 5 6 |  6.0
Armour         | 2 3 5 |  5.0
Dodging        | 3 4 |  4.0
Conjurations   | 5 7 |  7.0
Shields        | 1 5 6 |  6.1
Invocations    | 2 4 5 7 |  7.6
Long Blades    | 4 5 6 |  6.0
Air Magic      | 3 5 |  5.0
Stealth        | |  1.7

Action                   |  1- 3 |  4- 6 |  7- 9 | 10-12 || total
-------------------------+-------+-------+-------+-------++-------
Melee: Unarmed           |     6 |       |       |       ||     6
       Short sword       |    23 |    88 |    91 |     3 ||   205
       Punch             |       |     3 |     1 |       ||     4
       Long sword        |       |       |    73 |   331 ||   404
 Cast: Freeze            |    57 |    26 |    41 |    11 ||   135
       Frozen Ramparts   |       |    13 |    27 |    59 ||    99
       Ozocubu's Armour  |       |       |    10 |    35 ||    45
       Hailstorm         |       |       |     1 |     3 ||     4
Invok: Bend Time         |       |       |       |     2 ||     2
 Abil: Hop               |     1 |     1 |     4 |     9 ||    15
Evoke: Wand              |       |       |     9 |    14 ||    23
  Use: Scroll            |       |     7 |    11 |     6 ||    24
 Stab: Sleeping          |     1 |     4 |     2 |     4 ||    11
Armor: Robe              |    18 |    55 |    74 |       ||   147
       Steam dragon scal |       |       |    15 |   205 ||   220
Dodge: Dodged            |    54 |    73 |   169 |   372 ||   668
Block: Buckler           |       |       |    16 |   241 ||   257
       Reflection        |       |       |       |     6 ||     6

Table legend: (Time is in decaauts)
 A = Elapsed time spent in this place.
 B = Non-inter-level travel time spent in this place.
 C = Inter-level travel time spent in this place.
 D = Time resting spent in this place.
 E = Time spent auto-exploring this place.
 F = Levels seen in this place.
 G = Mean time per level.
                   A        B        C        D        E       F      G
               +--------+--------+--------+--------+--------+-----+--------+
         Total |  21370 |  20035 |   1335 |   3219 |  12903 |  16 | 1335.6 |
       Dungeon |  15082 |  14069 |   1013 |   2168 |   9301 |  11 | 1371.1 |
        Temple |    194 |    163 |     31 |      0 |    136 |   1 |  194.0 |
          Lair |   5607 |   5317 |    290 |    957 |   3398 |   3 | 1869.0 |
         Sewer |    485 |    485 |      0 |     94 |     66 |   1 |  485.0 |
               +--------+--------+--------+--------+--------+-----+--------+

Top non-repeatable levels by time:
     D:7: 2687 daAuts
    D:10: 2279 daAuts
  Lair:1: 2124 daAuts
     D:3: 1808 daAuts
  Lair:3: 1748 daAuts
  Lair:2: 1734 daAuts
     D:1: 1514 daAuts
     D:2: 1430 daAuts
     D:6: 1370 daAuts
     D:9: 1333 daAuts
     D:5: 958 daAuts
     D:4: 865 daAuts
     D:8: 817 daAuts
   Sewer: 485 daAuts
  Temple: 194 daAuts
